 Dungeon Crawl Stone Soup version 0.17-a0-854-g4a4ba72 (webtiles) character file.

47009 FedoraBrony69 the Bludgeoner (level 14, -35/126 HPs)
             Began as a Minotaur Fighter on Apr 28, 2015.
             Annihilated by an azure jelly (57 damage)
             ... on level 1 of the Pits of Slime.
             The game lasted 00:46:38 (18049 turns).

FedoraBrony69 the Bludgeoner (Minotaur Fighter)    Turns: 18049, Time: 00:46:38

Health: -35/126    AC: 18    Str: 24    XL:     14   Next: 7%
Magic:  13/13      EV:  5    Int: 13    God:
Gold:   1175       SH: 14    Dex:  9    Spells: 0 memorised, 13 levels left

rFire  + . .     SeeInvis .     D - +7 mace "Peycento" {freeze, rC- Str-3 Int+10}
rCold  x . .     Rnd*Rage +     A - +0 chain mail of Honesty {Slay+5} (curse)
rNeg   + . .     SustAb   .     c - +0 shield
rPois  +         Gourm    .     (helmet restricted)
rElec  .         Spirit   .     t - +0 cloak
rCorr  .         Warding  +     j - +0 pair of gloves
rMut   .         Stasis   .     (no boots)
MR     +....                    O - amulet of warding
Stlth  ..........               M - +5 ring of protection
                                U - ring of poison resistance (curse)

@: somewhat resistant to hostile enchantments, extremely unstealthy
A: retaliatory headbutt, horns 2, talons 1, icy blue scales 1, berserk 1,
deformed body, deterioration 1, dopey 1, fire resistance 1, spit poison 1,
MP-powered wands
a: Spit Poison


You were on level 1 of the Pits of Slime.
You were not hungry.

You visited 4 branches of the dungeon, and saw 19 of its levels.
You also visited: Sewer, Ossuary and Bailey.

You collected 1175 gold pieces.

Inventory:

Hand weapons
 D - the +7 mace "Peycento" (weapon) {freeze, rC- Str-3 Int+10}
   (You found it on level 4 of the Dungeon)

   It has been specially enchanted to freeze those struck by it, causing extra
   injury to most foes and up to half again as much damage against particularly
   susceptible opponents.
   It can also slow down cold-blooded creatures.
   It affects your strength (-3).
   It affects your intelligence (+10).
   It makes you vulnerable to cold.
 X - the +5 trident "Eviscerator" {elec, +Rage, unknown}
   (You found it on level 2 of the Lair of Beasts)

   Occasionally, upon striking a foe, it will discharge some electrical energy
   and cause terrible harm.
   It lets you go berserk.
Armour
 c - a +0 shield (worn)
 j - a +0 pair of gloves (worn)
 t - a +0 cloak (worn)
 w - the cursed +0 robe of the Rabble {-Cast rN+ rCorr Int+3, unknown}
   (You found it on level 5 of the Dungeon)

   It affects your intelligence (+3).
   It protects you from negative energy.
   It prevents spellcasting.
   It protects you from acid and corrosion.
   It has a curse placed upon it.
 A - the cursed +0 chain mail of Honesty (worn) {Slay+5}
   (You found it on level 3 of the Lair of Beasts)

   It affects your accuracy and damage with ranged weapons and melee attacks
   (+5).
   It has a curse placed upon it.
 W - a +2 chain mail of fire resistance
Jewellery
 a - a +2 ring of protection
 f - an uncursed ring of protection from magic
 h - an uncursed ring of fire
 r - an uncursed ring of flight
 z - an uncursed ring of fire
 B - an uncursed ring of stealth
 M - a +5 ring of protection (right hand)
 N - the amulet "Enlaethi" {rCorr rC+ Str+6}
   (You found it on level 8 of the Dungeon)

   [amulet of resist corrosion]

   It protects you from acid and corrosion.
   It affects your strength (+6).
   It protects you from cold.
 O - an amulet of warding (around neck)
 U - a cursed ring of poison resistance (left hand)
 V - an uncursed ring of sustain abilities
Scrolls
 b - 9 scrolls of fog
 g - 4 scrolls of identify
 i - a scroll of silence
 k - 8 scrolls of remove curse
 l - a scroll of enchant weapon
 n - 3 scrolls of recharging
 x - a scroll of amnesia
 y - 3 scrolls of magic mapping
 K - 2 scrolls of blinking
 S - a scroll of fear
 T - 6 scrolls of teleportation
Potions
 d - 4 potions of might
 m - 13 potions of heal wounds
 p - 3 potions of haste
 q - 3 potions of restore abilities
 u - a potion of brilliance
 C - 9 potions of curing
 E - 2 potions of cancellation
 F - 2 potions of flight
 G - a potion of berserk rage {unknown}
 J - a potion of invisibility {unknown}
 P - a potion of magic {unknown}
 Q - 3 potions of agility
 R - a potion of ambrosia {unknown}
 Z - 2 potions of resistance {unknown}
Books
 v - a book of Beasts

   Spells                             Type                      Level
   a - Summon Butterflies             Summoning                    1
   b - Call Canine Familiar           Summoning                    3
   c - Summon Ice Beast               Ice/Summoning                4
   d - Summon Mana Viper              Hexes/Summoning              5
   e - Monstrous Menagerie            Summoning                    6
   f - Summon Hydra                   Summoning                    7
 H - a Grand Grimoire {highlevel, unknown}

   This book is beyond your current level of understanding.

   Spells                             Type                      Level
   a - Aura of Abjuration             Summoning                    6
   b - Summon Greater Demon           Summoning                    7
   c - Malign Gateway                 Summoning/Translocation      7
   d - Summon Horrible Things         Summoning                    8
 Y - a book of Alchemy

   Spells                             Type                      Level
   a - Sublimation of Blood           Necromancy                   2
   b - Alistair's Intoxication        Transmutation/Poison         4
   c - Condensation Shield            Ice                          4
   d - Petrify                        Transmutation/Earth          4
   e - Ignite Poison                  Fire/Transmutation/Poison    3
   f - Irradiate                      Conjuration/Transmutation    5
Comestibles
 e - 8 bread rations
 o - 5 chunks of flesh
 s - 2 royal jellies
 I - 10 fruits
 L - 7 meat rations


   Skills:
 + Level 12.1 Fighting
 - Level 16.2 Maces & Flails
 * Level 13.9 Armour
 - Level 6.0 Dodging
 * Level 14.6 Shields


You had 13 spell levels left.
You didn't know any spells.

Dungeon Overview and Level Annotations

Branches:
Dungeon (10/15)            Temple (1/1) D:4            Lair (7/8) D:10
 Shoals (0/4) Lair:4        Snake (0/4) Lair:6        Slime (1/6) Lair:7
    Orc: D:9-12

Altars:
Ashenzari
Cheibriados
Dithmenos
Elyvilon
Fedhas
Gozag
Kikubaaqudgha
Makhleb
Nemelex Xobeh
Okawaru
Qazlal
Ru
Sif Muna
Trog
Vehumet
Xom
Yredelemnul
Zin
The Shining One


Innate Abilities, Weirdness & Mutations

You reflexively headbutt those who attack you in melee.
You have a pair of horns on your head.
You have sharp toenails.
You are partially covered in icy blue scales (AC +1).
You tend to lose your temper in combat.
Armour fits poorly on your strangely shaped body.
Your body is slowly deteriorating.
You are dopey. (Int -2)
Your flesh is heat resistant.
You can spit weak poison.
You expend magic power (3 MP) to strengthen your wands.


Message History

Your kick misses the azure jelly. You headbutt the azure jelly!
The azure jelly is lightly wounded.
You block the azure jelly's attack. The azure jelly hits you!
The azure jelly freezes you!!!
You feel a terrible chill! You block the azure jelly's attack.
The azure jelly hits you but does no damage.
You sock the azure jelly!
The azure jelly is moderately wounded.
The azure jelly hits you. The azure jelly freezes you!!!
You feel a terrible chill!
* * * LOW HITPOINT WARNING * * *
The azure jelly hits you but does no damage.
You block the azure jelly's attack. The azure jelly hits you.
* * * LOW HITPOINT WARNING * * *
There is a staircase back to the Lair here.
The azure jelly hits you but does no damage.
The azure jelly hits you.
* * * LOW HITPOINT WARNING * * *
The azure jelly freezes you!!!
You feel a terrible chill!
You die...

## #### ##.##..##
#.......# #...@..##
##...JJ..#
...#....J...#
#.......J##
#........##
......#.....#####
......#......#.##
................#
##
......#.#....#.#...


You could see an azure jelly, 2 slime creatures and a jelly.

Vanquished Creatures
  3 hydras
  Sonja (D:10)
  A hill giant (D:10)
  A shining eye (Slime:1)
  2 oklob plants
  36 elephants
  6 black mambas
  2 gargoyles
  12 spiny frogs
  9 komodo dragons
  A troll (D:9)
  2 fire drakes
  7 blink frogs
  A spriggan (D:7)
  33 yaks
  A wyvern (D:8)
  A wraith (D:10)
  A basilisk (Lair:1)
  7 hippogriffs
  21 wolves
  3 nagas (Lair:6)
  19 water moccasins
  3 black bears
  10 porcupines
  2 ogres
  2 sky beasts
  The ghost of FedoraBrony69 the Skirmisher, an average MiFi (D:4)
  A phantom (D:9)
  2 orc warriors
  11 ice beasts
  5 necrophages (D:9)
  2 big kobolds
  4 centaurs
  9 crocodiles
  13 giant frogs
  A gnoll sergeant (D:8)
  A wyvern zombie (D:8)
  2 scorpions (D:9)
  4 killer bees (D:7)
  A water moccasin skeleton (D:6)
  5 electric eels
  6 wights
  6 bog bodies (Ossuary)
  7 giant frog zombies
  A quasit (D:8)
  A centaur zombie (Ossuary)
  5 orc priests
  A wasp zombie (D:5)
  A gnoll shaman (D:10)
  2 giant frog skeletons
  4 orc wizards
  Ijyb (D:2)
  3 crimson imps
  4 hell rats (Lair:5)
  5 hounds
  2 jellies
  7 worker ants
  14 iguanas
  A killer bee zombie (Ossuary)
  12 sheep
  3 hound zombies
  A hound skeleton (D:6)
  6 mummies (Ossuary)
  A worker ant zombie (Ossuary)
  11 gnolls
  5 adders
  85 river rats
  3 shadow imps
  An ooze (D:2)
  An adder skeleton (D:5)
  3 adder zombies
  4 giant geckos
  15 orcs
  19 bats
  2 bat zombies (Ossuary)
  5 giant cockroaches
  17 goblins
  10 hobgoblins
  23 jackals
  34 kobolds
  4 quokkas
  2 ball pythons (Sewer)
  2 giant cockroach zombies
  2 giant gecko zombies (Ossuary)
  12 giant newts
  A giant spore (D:7)
  A jackal zombie (Ossuary)
  A quokka skeleton (D:7)
  A quokka zombie (Ossuary)
  20 rats
  A rat zombie (D:5)
  A bush (D:9)
  A plant (D:9)
630 creatures vanquished.

Vanquished Creatures (others)
  21 fungi
  14 plants
35 creatures vanquished.

Grand Total: 665 creatures vanquished

Notes
Turn   | Place    | Note
--------------------------------------------------------------
     0 | D:1      | FedoraBrony69, the Minotaur Fighter, began the quest for the Orb.
     0 | D:1      | Reached XP level 1. HP: 19/19 MP: 0/0
   187 | D:1      | Reached XP level 2. HP: 25/27 MP: 1/1
   474 | D:1      | Reached skill level 4 in Shields
   815 | D:2      | Reached XP level 3. HP: 15/33 MP: 2/2
  1076 | D:2      | Noticed Ijyb
  1099 | D:2      | Killed Ijyb
  1136 | D:2      | Reached XP level 4. HP: 39/41 MP: 3/3
  1223 | D:2      | Found a shadowy altar of Dithmenos.
  1829 | D:3      | Found a glowing drain.
  1850 | Sewer    | Entered a sewer
  2054 | Sewer    | Reached skill level 5 in Fighting
  2054 | Sewer    | Reached XP level 5. HP: 24/48 MP: 4/4
  2120 | Sewer    | Reached skill level 5 in Shields
  2622 | D:4      | Got a transparent mace
  2623 | D:4      | Identified the +7 mace "Peycento" {freeze, rC- Str-3 Int+10} (You found it on level 4 of the Dungeon)
  3070 | D:4      | Reached XP level 6. HP: 19/56 MP: 5/5
  3356 | D:4      | Found a snail-covered altar of Cheibriados.
  3432 | D:4      | Found a staircase to the Ecumenical Temple.
  3439 | Temple   | Entered the Ecumenical Temple
  3727 | D:4      | Noticed FedoraBrony69's ghost (average MiFi)
  3739 | D:4      | Killed FedoraBrony69's ghost
  3739 | D:4      | Reached skill level 5 in Maces & Flails
  3739 | D:4      | Reached skill level 6 in Shields
  3876 | D:4      | Found a bloodstained altar of Trog.
  3923 | D:5      | Entered Level 5 of the Dungeon
  3957 | D:5      | Reached XP level 7. HP: 54/64 MP: 6/6
  3972 | D:5      | Got a sheer robe
  4014 | D:5      | Reached skill level 1 in Dodging
  4018 | D:5      | Gained mutation: You are partially covered in icy blue scales (AC +1). [mutagenic meat]
  4019 | D:5      | Gained mutation: Your flesh is heat resistant. [mutagenic meat]
  4020 | D:5      | Gained mutation: Scrolls take you a little longer to read. [mutagenic meat]
  4021 | D:5      | Gained mutation: Your muscles are strong. (Str +2) [mutagenic meat]
  4022 | D:5      | Gained mutation: You have sharp toenails. [mutagenic meat]
  4023 | D:5      | Gained mutation: You tend to lose your temper in combat. [mutagenic meat]
  4032 | D:5      | Found a shadowy altar of Dithmenos.
  4038 | D:5      | Found a sand-covered staircase.
  4171 | Ossuary  | Entered an ossuary
  4289 | Ossuary  | Reached XP level 8. HP: 57/71 MP: 7/7
  4320 | Ossuary  | Reached skill level 7 in Shields
  4383 | Ossuary  | Reached skill level 5 in Armour
  5298 | D:5      | Reached skill level 8 in Maces & Flails
  5314 | D:5      | Found a burning altar of Makhleb.
  5911 | D:6      | Reached XP level 9. HP: 80/80 MP: 8/8
  6460 | D:7      | Found a radiant altar of Vehumet.
  6464 | D:7      | Reached skill level 9 in Maces & Flails
  6732 | D:7      | Found a flagged portal.
  6758 | Bailey   | Entered a bailey
  8171 | D:8      | Reached skill level 10 in Maces & Flails
  8190 | D:8      | Reached skill level 5 in Dodging
  8605 | D:8      | Reached XP level 10. HP: 71/90 MP: 9/9
  8883 | D:8      | Got a sparkling brass amulet
  8973 | D:8      | Identified the amulet "Enlaethi" {rCorr rC+ Str+6} (You found it on level 8 of the Dungeon)
  9468 | D:9      | Reached skill level 11 in Maces & Flails
  9595 | D:9      | Found a radiant altar of Vehumet.
  9755 | D:9      | Found a blossoming altar of Fedhas.
 10207 | D:10     | Entered Level 10 of the Dungeon
 10291 | D:10     | Noticed Sonja
 10340 | D:10     | Found a staircase to the Lair.
 10380 | D:10     | Noticed a hill giant
 10389 | D:10     | Killed a hill giant
 10546 | D:10     | Reached skill level 12 in Maces & Flails
 10635 | D:10     | Killed Sonja
 10635 | D:10     | Reached XP level 11. HP: 66/99 MP: 10/10
 10814 | Lair:1   | Entered Level 1 of the Lair of Beasts
 11035 | Lair:1   | Reached skill level 10 in Shields
 11198 | Lair:1   | Reached skill level 10 in Fighting
 11919 | Lair:2   | Reached skill level 13 in Maces & Flails
 11990 | Lair:2   | Got a scorched trident
 12510 | Lair:2   | Lost mutation: Your muscles are strong. (Str +2) [potion of mutation]
 12510 | Lair:2   | Gained mutation: Your spells are a little harder to cast, but a little more powerful. [potion of mutation]
 12511 | Lair:2   | Gained mutation: You expend magic power (3 MP) to strengthen your wands. [potion of mutation]
 12511 | Lair:2   | Lost mutation: Your spells are a little harder to cast, but a little more powerful. [potion of mutation]
 12538 | Lair:2   | Lost mutation: Scrolls take you a little longer to read. [potion of mutation]
 12538 | Lair:2   | Gained mutation: You can spit weak poison. [potion of mutation]
 12747 | Lair:3   | Reached skill level 14 in Maces & Flails
 12747 | Lair:3   | Reached skill level 10 in Armour
 12754 | Lair:3   | Reached XP level 12. HP: 83/108 MP: 11/11
 13160 | Lair:3   | Reached skill level 15 in Maces & Flails
 13348 | Lair:3   | Got a scorched chain mail
 13359 | Lair:3   | Identified the cursed +0 chain mail of Honesty {Slay+5} (You found it on level 3 of the Lair of Beasts)
 13461 | Lair:3   | Noticed a five-headed hydra
 13469 | Lair:3   | Killed a five-headed hydra
 13923 | Lair:4   | Found a staircase to the Shoals.
 13934 | Lair:4   | Reached skill level 16 in Maces & Flails
 14088 | Lair:4   | Reached XP level 13. HP: 103/114 MP: 12/12
 15802 | Lair:6   | Found a staircase to the Snake Pit.
 17100 | Lair:7   | Found a staircase to the Slime Pits.
 17250 | Lair:7   | Found a basalt altar of Yredelemnul.
 17490 | Lair:7   | Reached XP level 14. HP: 126/126 MP: 13/13
 17969 | Slime:1  | Entered Level 1 of the Pits of Slime
 17978 | Slime:1  | Gained mutation: Armour fits poorly on your strangely shaped body. [a shining eye]
 17994 | Slime:1  | Gained mutation: Your body is slowly deteriorating. [a shining eye]
 17995 | Slime:1  | Gained mutation: You are dopey. (Int -2) [a shining eye]
 18021 | Slime:1  | Noticed an azure jelly
 18049 | Slime:1  | Annihilated by an azure jelly

Action                   |  1- 3 |  4- 6 |  7- 9 | 10-12 | 13-15 || total
-------------------------+-------+-------+-------+-------+-------++-------
Melee: Flail             |   130 |   141 |       |       |       ||   271
       Mace              |       |   101 |   371 |   662 |   407 ||  1541
  Use: Scroll            |     1 |     3 |     1 |    20 |     1 ||    26
       Potion            |       |       |       |     3 |       ||     3
  Eat: Chunk             |     1 |     9 |    21 |    19 |    15 ||    65
       Pizza             |       |       |     1 |     1 |     1 ||     3
       Beef jerky        |       |       |     1 |       |       ||     1
